 Dungeon Crawl Stone Soup version 0.30-a0-1112-gfb780f5df6 (webtiles) character file.

Game seed: 14042197243504857729

462 sanka the Shooter (level 6, -4/51 HPs)
             Began as a Demigod Hunter on Apr 19, 2023.
             Slain by Menkaure (18 damage)
             ... on level 4 of the Dungeon.
             The game lasted 00:04:24 (3391 turns).

sanka the Shooter (Demigod Hunter)                  Turns: 3391, Time: 00:04:25

Health: -4/51      AC:  2    Str: 12    XL:     6   Next: 49%
Magic:  8/8        EV: 13    Int: 11    God:
Gold:   232        SH:  0    Dex: 25    Spells: 5/5 levels left

rFire   . . .      SeeInvis +    a - +0 shortbow
rCold   . . .      Faith    .    (shield currently unavailable)
rNeg    . . .      Spirit   .    o - +0 robe
rPois   .          Reflect  .    (no helmet)
rElec   .          Rampage  .    (no cloak)
rCorr   .                        (no gloves)
Will    .....                    (no boots)
Stlth   ++                       (no amulet)
HPRegen 0.28/turn                (no ring)
MPRegen 0.11/turn                c - ring of see invisible

@: no status effects
A: high MP 1, forlorn, divine attributes
a: no special abilities


You were on level 4 of the Dungeon.
You visited 1 branch of the dungeon, and saw 4 of its levels.

You collected 232 gold pieces.


Innate Abilities, Weirdness & Mutations

You have an increased reservoir of magic. (+10% MP)
You shall have no god before yourself.
Your divine heritage dramatically boosts your attributes as you level up.


   Skills:
 + Level 3.0 Fighting
 + Level 7.1 Ranged Weapons
 + Level 1.8 Dodging
 - Level 0.8 Stealth


You had 5 spell levels left.
You didn't know any spells.
Your spell library contained the following spells:

 Spells                   Type           Power      Damage    Failure   Level
 Beastly Appendage        Tmut           0%         N/A       34%         1
 Lesser Beckoning         Tloc           0%         N/A       47%         2
 Wereblood                Tmut           0%         N/A       47%         2
 Gell's Gravitas          Tloc           0%         N/A       71%         3
 Spider Form              Tmut/Pois      0%         N/A       71%         3
 Teleport Other           Tloc           0%         N/A       71%         3

Inventory:

Hand Weapons
 a - a +0 shortbow (weapon)
 b - the +8 long sword "Huaf" {flame, *Rage Will++} *Rage: It berserks you when you make melee attacks (+20% chance). Will: It greatly increases your willpower.
Armour
 o - a +0 robe (worn)
Jewellery
 c - a ring of see invisible (right hand)
 l - a ring of ice
Wands
 n - a wand of flame (58)
 t - a wand of paralysis (7)
Scrolls
 d - a scroll of acquirement {unknown}
 e - a scroll of enchant armour {unknown}
 f - 4 scrolls of identify {unknown}
 g - 3 scrolls of teleportation {unknown}
 j - a scroll of fear {unknown}
 k - a scroll of vulnerability {unknown}
 p - a scroll of immolation {!r}
 u - a scroll of poison {unknown}
Potions
 h - a potion of berserk rage {unknown}
 i - 3 potions of curing {unknown}
 m - 2 potions of degeneration {unknown}
 q - a potion of ambrosia {unknown}
 r - a potion of might {unknown}
 s - a potion of resistance {unknown}

Dungeon Overview and Level Annotations

Branches:
Dungeon (4/15)
 Temple: D:4-7

Annotations:
D:4 1 runed translucent door, Crazy Yiuf, Menkaure

▒...▒ ▒▒▒ ▒..▒▒▒▒
▒▒.▒ ▒.....▒▒ ▒..▒▒
▒▒......▒▒
▒▒..▒▒▒........▒▒
▒...▒..........▒▒
▒▒..............▒▒
▒▒...............▒▒
▒.p...............▒
▒.M................
▒.........>........
▒<.................
▒..................
▒▒..................
▒..................▒
▒...............▒▒▒▒
▒...▒▒..▒▒▒........


You could see Menkaure (fast).


Message History

Menkaure is lightly damaged.
You shoot an arrow. The arrow hits Menkaure!
Menkaure is heavily damaged.
Menkaure mumbles some strange words.
Menkaure seems to speed up.
You shoot an arrow.
The arrow hits Menkaure but does no damage.
Menkaure is heavily damaged.
You shoot an arrow. The arrow hits Menkaure.
Menkaure is severely damaged.
Menkaure hits you.
You shoot an arrow. The arrow barely misses Menkaure.
Menkaure murmurs a few words.
Menkaure calls on the powers of darkness!
Your body is wracked with pain!
You shoot an arrow. The arrow hits Menkaure.
Menkaure is severely damaged.
Menkaure closely misses you.
Menkaure calls on the powers of darkness!
Your body is wracked with pain!
* * * LOW HITPOINT WARNING * * *
You shoot an arrow. The arrow hits Menkaure.
Menkaure is almost destroyed.
Menkaure hits you!!
You die...

Action                     |  1- 3 |  4- 6 || total
---------------------------+-------+-------++-------
  Melee: Long sword        |       |     5 ||     5
   Fire: Shortbow          |    85 |   138 ||   223
 Armour: Leather armour    |    13 |     6 ||    19
         Robe              |       |     2 ||     2
  Dodge: Dodged            |    16 |    43 ||    59

Levels and vault maps discovered:
D:1:      enne_arrival_octagon_isle, layout_loops_ring,
          shapermc_ecumenical_altar_pompeii, nicolae_grassy_gnolls
D:2:      layout_loops_ring, basic_altar
D:3:      layout_basic, grunt_ministairs_5, kennysheep_generic_room_16,
          uniq_ijyb
D:4:      layout_cave_pods, amcnicky_altar_gilded, vehumet_altar_wand_db,
          minmay_misc_feat_five, uniq_sigmund, uniq_menkaure,
          uniq_crazy_yiuf_cottage

Notes
Turn   | Place    | Note
-------+----------+-------------------------------------------
     0 | D:1      | sanka the Demigod Hunter began the quest for the Orb.
     0 | D:1      | Reached XP level 1. HP: 17/17 MP: 3/3
   121 | D:1      | Reached skill level 4 in Ranged Weapons
   121 | D:1      | Reached XP level 2. HP: 9/24 MP: 4/4
   898 | D:2      | Reached skill level 2 in Fighting
   898 | D:2      | Reached XP level 3. HP: 29/29 MP: 5/5
  1200 | D:2      | Identified the +0 pair of gloves of Wonder {Harm rElec rC-}
  1560 | D:3      | Reached XP level 4. HP: 37/37 MP: 6/6
  1715 | D:3      | Reached skill level 5 in Ranged Weapons
  1771 | D:3      | Noticed Ijyb
  1783 | D:3      | Killed Ijyb
  1784 | D:3      | Reached skill level 3 in Fighting
  2364 | D:4      | Reached XP level 5. HP: 41/45 MP: 7/7
  2438 | D:4      | HP: 4/45 [gnoll/+0 halberd[a gnoll bouda] (6)]
  2676 | D:4      | Found a runed translucent door.
  2677 | D:4      | Noticed Crazy Yiuf
  2692 | D:4      | Noticed Sigmund
  2702 | D:4      | Killed Sigmund
  2703 | D:4      | Reached skill level 6 in Ranged Weapons
  2703 | D:4      | Reached XP level 6. HP: 30/51 MP: 8/8
  2955 | D:4      | Reached skill level 7 in Ranged Weapons
  2955 | D:4      | Identified the +8 long sword "Huaf" {flame, *Rage Will++}
  3380 | D:4      | Noticed Menkaure
  3391 | D:4      | Slain by Menkaure

Vanquished Creatures
  Sigmund (D:4)
  A scorpion (D:4)
  A hound (D:2)
  A gnoll bouda (D:4)
  Ijyb (D:3)
  5 adders
  4 gnolls
  An ufetubus (D:4)
  A worm (D:3)
  A dart slug (D:1)
  3 orcs
  5 ball pythons
  3 bats
  7 endoplasms
  2 giant cockroaches
  7 goblins
  8 hobgoblins
  3 quokkas (D:4)
  5 frilled lizards
  7 kobolds
  5 rats
72 creatures vanquished.

Vanquished Creatures (others)
  4 plants (D:1)
4 creatures vanquished.

Grand Total: 76 creatures vanquished
